 Dungeon Crawl Stone Soup version 0.29.1-13-g9f3cf754e1 (webtiles) character file.

Game seed: 6638790083852546145

228 croobank the Conjurer (level 5, -1/38 HPs)
             Began as a Demonspawn Conjurer on Jan 26, 2023.
             Slain by a gnoll
             ... wielding a +0 club
              (3 damage)
             ... on level 3 of the Dungeon.
             The game lasted 00:09:04 (3318 turns).

croobank the Conjurer (Demonspawn Conjurer)         Turns: 3318, Time: 00:09:05

Health: -1/38      AC:  3    Str:  8    XL:     5   Next: 70%
Magic:  8/18       EV: 12    Int: 21    God:
Gold:   92         SH:  4    Dex: 11    Spells: 3/9 levels left

rFire   . . .      SeeInvis .   t - +0 rapier (venom)
rCold   . . .      Faith    .   (no shield)
rNeg    . . .      Spirit   .   a - +0 robe
rPois   .          Reflect  .   i - +0 hat
rElec   .          Harm     .   h - +0 cloak
rCorr   .          Rampage  .   (no gloves)
Will    .....                   (no boots)
Stlth   ++........              (no amulet)
HPRegen 0.12/turn               j - ring of magical power
MPRegen 0.16/turn               (no ring)

@: no status effects
A: condensation shield
a: no special abilities


You were on level 3 of the Dungeon.
You visited 1 branch of the dungeon, and saw 3 of its levels.

You collected 92 gold pieces.

Inventory:

Hand Weapons
 c - a +0 dagger
 d - a +0 hand axe
 g - a +0 falchion
 t - a +0 rapier of venom (weapon)
Armour
 a - a +0 robe (worn)
 h - a +0 cloak (worn)
 i - a +0 hat (worn)
 r - the +3 Mad Mage's Maulers {Infuse+∞ RegenMP Int-3}
   (You found it on level 2 of the Dungeon)

   It empowers its wearer's blows with all of their magic.
   It causes its wearer's magical reserves to regenerate more quickly.
   Int:       It affects your intelligence (-3).
Jewellery
 j - a ring of magical power (left hand)
Scrolls
 e - 6 scrolls of identify {unknown}
 k - a scroll of magic mapping {unknown}
 m - a scroll of fear {unknown}
 n - a scroll of amnesia {unknown}
 o - a scroll of blinking {unknown}
 q - a scroll of immolation {unknown}
 s - 2 scrolls of poison {unknown}
Potions
 b - 2 potions of magic
 f - a potion of resistance
 l - a potion of haste {unknown}
 p - 2 potions of curing {unknown}


   Skills:
 + Level 2.2 Fighting
 + Level 2.7 Dodging
 + Level 2.9 Stealth
 + Level 2.9 Spellcasting
 + Level 4.7 Conjurations
 + Level 1.1 Hexes


You had 3 spell levels left.
You knew the following spells:

 Your Spells              Type           Power      Damage    Failure   Level
a - Magic Dart            Conj           92%        1d7       1%          1
b - Searing Ray           Conj           46%        2d6       3%          2
c - Dazzling Flash        Conj/Hex       30%        N/A       12%         3

Your spell library contained the following spells:

 Spells                   Type           Power      Damage    Failure   Level
 Foxfire                  Conj/Fire      52%        2x1d6     4%          1
 Apportation              Tloc           6%         N/A       14%         1
 Necrotise                Necr           12%        1d4       14%         1
 Summon Small Mammal      Summ           12%        N/A       14%         1
 Conjure Flame            Conj/Fire      13%        6-21      16%         3
 Inner Flame              Hex/Fire       5%         N/A       32%         3
 Fulminant Prism          Conj/Hex       7%         3d7       36%         4
 Flame Wave               Conj/Fire      13%        2d6       45%         4
 Iskenderun's Mystic Bla  Conj/Tloc      13%        2d5       45%         4


Dungeon Overview and Level Annotations

Branches:
Dungeon (3/15)

Altars:
Wu Jian


Innate Abilities, Weirdness & Mutations

A meltable shield of frost defends you. (SH +4)


Message History

Confirm with . or Enter, or press ? or * to list all spells.
Aiming: Searing Ray (safe; 3% risk of failure)
Press: ? - help, Shift-Dir - straight line You miscast Searing Ray.
You are very lightly contaminated with residual magic.
Nothing appears to happen.
The gnoll attacks as you move away! The gnoll hits you with a +0 club.
* * * LOW HITPOINT WARNING * * *
Okay, then.
Casting: Searing Ray (safe; 3% risk of failure)
Confirm with . or Enter, or press ? or * to list all spells.
Aiming: Searing Ray (safe; 3% risk of failure)
Press: ? - help, Shift-Dir - straight line, f - gnoll
Aim: a gnoll, wielding a +0 club (81% to hit)
The searing ray hits the gnoll!
The gnoll is heavily wounded.
The searing ray hits the gnoll.
The gnoll is heavily wounded. (Press . to maintain the ray.)
The gnoll hits you with a +0 club!
* * * LOW HITPOINT WARNING * * *
Okay, then.
Okay, then.
Okay, then.
Casting: Searing Ray (safe; 3% risk of failure)
Confirm with . or Enter, or press ? or * to list all spells.
Casting: Dazzling Flash (dangerous; 12% risk of failure)
Press: ? - help, Dir - look around, f - activate The gnoll is dazzled. x2; The gnoll misses you.
The gnoll barely misses you.
Your magical contamination has completely faded away.
The gnoll is no longer blind.
Casting: Dazzling Flash (dangerous; 12% risk of failure)
Confirm with . or Enter, or press ? or * to list all spells.
Aiming: Searing Ray (safe; 3% risk of failure)
Press: ? - help, Shift-Dir - straight line, f - gnoll
Aim: a gnoll, wielding a +0 club (heavily wounded, 81% to hit)
The searing ray misses the gnoll. x2 (Press . to maintain the ray.)
The gnoll is no longer blind.
The gnoll hits you with a +0 club.
You die...

.##..............
.##................#
...................#
...................#
.....#.............###
.....####............
.....####.##.......##.##
........#.# #.........##
..#....)..#####.@.......#
...........#.##g##.......
###...#......##g# .#...#
###...........# ##..#
##.##.......######..#
#.......#...#..##).#
#########......##..#
#........).# ##........##


You could see 2 gnolls.

Vanquished Creatures
  A hound (D:3)
  2 orc wizards (D:3)
  6 adders
  2 gnolls (D:3)
  A worm (D:2)
  3 dart slugs
  2 orcs (D:3)
  5 bats
  8 endoplasms
  3 giant cockroaches
  8 goblins
  3 hobgoblins
  3 quokkas
  6 ball pythons
  5 frilled lizards (D:1)
  7 kobolds
  2 rats (D:2)
67 creatures vanquished.

Notes
Turn   | Place    | Note
-------+----------+-------------------------------------------
     0 | D:1      | croobank the Demonspawn Conjurer began the quest for the
                  | Orb.
     0 | D:1      | Reached XP level 1. HP: 13/13 MP: 3/3
   302 | D:1      | Gained mutation: A meltable shield of frost defends you.
                  | (SH +4) [demonic ancestry]
   302 | D:1      | Reached XP level 2. HP: 20/20 MP: 1/5
   470 | D:1      | Learned a level 2 spell: Searing Ray
   951 | D:1      | Found a faded altar of an unknown god.
  1052 | D:1      | Reached skill level 1 in Fighting
  1104 | D:1      | Reached XP level 3. HP: 26/26 MP: 1/6
  1850 | D:2      | Found an ornate altar of the Wu Jian Council.
  2045 | D:2      | Found the +3 Mad Mage's Maulers {Infuse+∞ RegenMP Int-3}
  2063 | D:2      | Reached XP level 4. HP: 32/32 MP: 7/7
  2173 | D:2      | Learned a level 3 spell: Dazzling Flash
  2806 | D:3      | Reached XP level 5. HP: 35/38 MP: 2/9
  3024 | D:3      | Reached skill level 1 in Hexes
  3313 | D:3      | HP: 1/38 [gnoll/+0 club (9)]
  3318 | D:3      | Slain by a gnoll

Illustrated notes

Levels and vault maps discovered:
D:1:      amcnicky_arrival_single_pillar, layout_loops_cross,
          dreamdust_ecumenical_altar_statues
D:2:      layout_loops_ring, basic_altar
D:3:      layout_basic, nicolae_overflow_two_pavilions, hangedman_decor_growths,
          grunt_ministairs_9

Skill      XL: |  1  2  3  4  5 |
---------------+----------------+-----
Stealth        | 2 |  2.9
Dodging        | 2 |  2.7
Fighting       | 1 2 |  2.2
Hexes          | 1 |  1.1
Spellcasting   | |  2.9
Conjurations   | |  4.7

Action                   |  1- 3 |  4- 6 || total
-------------------------+-------+-------++-------
Melee: Unarmed           |     6 |       ||     6
       Dagger            |     5 |    11 ||    16
       Rapier            |       |     7 ||     7
 Cast: Magic Dart        |    29 |    17 ||    46
       Searing Ray       |    23 |    17 ||    40
       Dazzling Flash    |       |     5 ||     5
  Use: Potion            |       |     2 ||     2
 Stab: Sleeping          |     1 |     2 ||     3
Armor: Robe              |     4 |    10 ||    14
Dodge: Dodged            |    10 |    36 ||    46
Block: Other             |     1 |    13 ||    14
